Map: Jagannatha LE

Players

A.I. 1 (Very Easy)

  • Race: Terran Terran

blcyber - Winner!

  • Race: Zerg Zerg
  • League: Gold

VOD

Have the link to the VOD?

Description

Time

  • Played on: June 21, 2021, 6:54 a.m.
  • Length: 12:02
Show
View Real Time Build Order
Export as new Build Order

A.I. 1 (Very Easy) Terran 

Build Orders: Reaper Expand 

Get SALT Encoding   

  12  0:00  SCV  
  13  0:13  SCV  
  14  0:19  Supply Depot  
  14  0:46  Barracks  
  14  1:04  Command Center  
  14  1:33  Marine, Orbital Command, Supply Depot  
  14  1:38  Refinery  
  15  1:50  Refinery  
  15  1:59  SCV  
  16  2:11  SCV  
  17  2:16  SCV  
  17  2:18  Reaper  
  19  2:23  SCV  
  20  2:30  SCV  
  21  2:37  SCV  
  22  2:44  SCV  
  23  2:52  SCV  
  24  2:59  SCV  
  24  3:00  Refinery  
  25  3:06  SCV  
  25  3:07  Marine  
  27  3:13  SCV  
  27  3:19  Factory  
  28  3:20  SCV  
  29  3:43  Refinery  
  29  3:45  SCV  
  30  3:52  SCV  
  30  3:54  Supply Depot  
  31  3:56  Marine  
  31  3:59  SCV  
  33  4:03  Starport  
  33  4:06  SCV  
  34  4:13  SCV  
  34  4:15  Barracks Tech Lab  
  35  4:20  SCV  
  36  4:28  SCV  
  36  4:31  Supply Depot  
  37  4:35  SCV  
  38  4:41  Starport Tech Lab  
  38  4:42  SCV  
  39  4:46  Marauder  
  39  4:49  SCV  
  42  4:56  SCV  
  43  5:01  Raven  
  43  5:03  SCV  
  46  5:10  SCV  
  47  5:18  SCV  
  48  5:35  Marine  
  49  5:44  Raven  
  51  6:24  Marine  
  52  7:14  Marauder  
  54  11:15  Medivac  
  54  11:16  Ghost Academy  
  55  11:19  Supply Depot  
  55  11:21  Marine, SCV  
  24  11:41  SCV  
  24  11:42  Supply Depot  
Show
View Real Time Build Order
Export as new Build Order

blcyber Zerg - Winner!

Build Orders: Hatch First 

Get SALT Encoding   

  12  0:01  Drone  
  13  0:14  Overlord  
  13  0:20  Drone  
  14  0:33  Drone x2  
  16  0:54  Drone  
  17  0:58  Drone  
  17  0:59  Hatchery  
  17  1:09  Extractor, Drone  
  17  1:20  Spawning Pool  
  17  1:25  Drone x2  
  18  1:31  Drone  
  19  1:44  Drone  
  20  1:52  Overlord  
  20  2:08  Queen  
  20  2:11  Queen  
  24  2:17  Zergling x4  
  24  2:18  Metabolic Boost  
  26  2:41  Overlord  
  26  2:45  Hatchery  
  26  2:50  Queen  
  27  2:59  Drone x3  
  27  3:05  Overlord  
  30  3:07  Drone  
  30  3:10  Drone  
  32  3:16  Drone x2  
  32  3:19  Drone  
  35  3:21  Drone  
  36  3:30  Queen  
  38  3:36  Drone x3  
  38  3:38  Drone  
  38  3:41  Drone  
  43  3:46  Overlord  
  43  3:59  Drone  
  43  4:00  Drone x3  
  47  4:10  Drone x2  
  47  4:13  Overlord  
  47  4:14  Queen  
  51  4:26  Queen  
  51  4:28  Drone x6  
  59  4:36  Extractor  
  59  4:37  Drone x3  
  61  4:41  Overlord  
  61  5:01  Evolution Chamber  
  61  5:02  Evolution Chamber  
  61  5:04  Spore Crawler  
  61  5:06  Spore Crawler  
  57  5:08  Spore Crawler  
  56  5:18  Zergling x2  
  56  5:19  Zergling x12  
  56  5:20  Zergling x2  
  65  5:21  Zergling x6  
  65  5:22  Overlord, Zergling x2  
  65  5:24  Queen  
  65  5:26  Zerg Melee Weapons Level 1  
  70  5:28  Zerg Ground Armor Level 1  
  70  5:35  Baneling Nest  
  69  5:43  Overlord  
  69  5:47  Lair  
  69  6:13  Overlord  
  69  6:17  Drone x3  
  69  6:18  Drone  
  73  6:22  Drone x2  
  73  6:24  Drone x2  
  73  6:25  Drone x5  
  82  6:28  Drone x2  
  84  6:33  Overlord  
  84  6:44  Drone x3  
  87  6:51  Hatchery  
  86  6:57  Extractor, Hatchery  
  86  6:58  Extractor  
  86  6:59  Extractor x2  
  86  7:00  Drone x3  
  84  7:01  Overlord  
  84  7:02  Drone  
  84  7:03  Drone x2  
  84  7:04  Drone x3  
  84  7:06  Drone x2  
  84  7:07  Drone  
  93  7:21  Centrifical Hooks  
  93  7:27  Hydralisk Den  
  92  7:34  Overlord  
  92  7:38  Zergling x8  
  92  7:39  Zergling x10  
  92  7:42  Zerg Melee Weapons Level 2  
  92  7:43  Zerg Ground Armor Level 2  
  101  7:53  Zergling x8  
  101  7:54  Zergling x6  
  101  7:55  Overlord  
  101  7:56  Grooved Spines  
  108  8:11  Baneling x2  
  108  8:12  Baneling x6  
  108  8:13  Baneling x4  
  108  8:16  Overlord  
  108  8:20  Zergling x8  
  112  8:27  Hydralisk x2  
  112  8:29  Infestation Pit  
  112  8:30  Drone x3  
  112  8:31  Drone x7  
  112  8:32  Drone  
  126  8:45  Extractor, Drone  
  126  8:46  Drone x2  
  128  8:49  Extractor  
  128  8:50  Drone x2  
  128  8:51  Drone  
  130  8:59  Zergling x6  
  130  9:00  Overlord  
  133  9:08  Muscular Augments  
  133  9:09  Hydralisk x5  
  141  9:11  Zergling x4  
  141  9:12  Zergling x6  
  141  9:14  Hive  
  148  9:21  Lurker Den  
  148  9:22  Overlord  
  147  9:26  Hatchery  
  146  9:35  Hydralisk x4  
  146  9:36  Hydralisk x2  
  146  9:37  Hydralisk, Zergling x10  
  165  9:42  Overlord  
  165  9:50  Hatchery  
  164  9:56  Spore Crawler  
  164  9:57  Drone x4  
  167  10:04  Overlord  
  167  10:05  Zergling x4  
  167  10:06  Zergling x8  
  173  10:12  Evolution Chamber  
  172  10:27  Baneling x5  
  172  10:28  Baneling x4  
  172  10:29  Adaptive Talons  
  172  10:42  Overlord  
  172  10:43  Hydralisk x6  
  172  10:44  Hydralisk x4  
  172  10:45  Zergling x8  
  196  11:05  Hydralisk  
  196  11:06  Hydralisk  
Tags
 
Add a new tag
Caveats
  • Supply blocks, unpowered buildings, or Contaminate may cause inaccurate times.
  • Supply counts are checked every 10 seconds.